 Dungeon Crawl Stone Soup version 0.29-b1-12-g9e2288ab2a (webtiles) character file.

Game seed: 9091959126170117205

225 worthlessgem the Grave Robber (level 5, -1/24 (30) HPs)
             Began as a Deep Elf Necromancer on Aug 23, 2022.
             Slain by a necrophage (3 damage)
             ... on level 5 of the Dungeon.
             The game lasted 00:24:33 (3968 turns).

worthlessgem the Grave Robber (DENe)                Turns: 3968, Time: 00:24:34

HP:   -1/24 (30)    AC:  2    Str:  5    XL:     5   Next: 68%
MP:   13/13         EV: 13    Int: 28    God:
Gold: 162           SH:  0    Dex: 21    Spells: 4/12 levels left

rFire   . . .      SeeInvis .   w - +0 sling (freeze)
rCold   . . .      Faith    .   (no shield)
rNeg    . . .      Spirit   .   a - +0 robe
rPois   .          Reflect  .   (no helmet)
rElec   .          Harm     .   (no cloak)
rCorr   .          Rampage  .   (no gloves)
Will    .....                   (no boots)
Stlth   ++........              q - amulet of regeneration
HPRegen 0.88/turn               l - +6 ring of dexterity
MPRegen 0.13/turn               n - +6 ring of intelligence

@: heavily drained
A: no striking features
a: no special abilities


You were on level 5 of the Dungeon.
You visited 1 branch of the dungeon, and saw 5 of its levels.

You collected 162 gold pieces.

Inventory:

Hand Weapons
 e - a +2 dagger of venom
 w - a +0 sling of freezing (weapon)
Missiles
 d - a throwing net
 m - 16 stones (quivered)
 o - 11 poisoned darts
Armour
 a - a +0 robe (worn)
Jewellery
 l - a +6 ring of dexterity (left hand)
 n - a +6 ring of intelligence (right hand)
 q - an amulet of regeneration (around neck)
 y - a ring of flight
Scrolls
 f - a scroll of noise {unknown}
 g - 4 scrolls of identify {unknown}
 h - a scroll of enchant armour {unknown}
 i - a scroll of blinking {unknown}
 k - 3 scrolls of teleportation {unknown}
 p - 2 scrolls of enchant weapon {unknown}
 s - a scroll of magic mapping {unknown}
 u - a scroll of fog {unknown}
 A - a scroll of torment {unknown}
Potions
 b - a potion of magic
 c - a potion of lignification {unknown}
 j - a potion of brilliance {unknown}
 r - a potion of haste {unknown}
 t - a potion of attraction {unknown}
 v - a potion of degeneration {unknown}
 x - a potion of mutation {unknown}
 z - a potion of flight {unknown}


   Skills:
 + Level 1.8 Fighting
 - Level 1.4 Short Blades
 - Level 4.0 Ranged Weapons
 + Level 2.4 Dodging
 - Level 2.4 Stealth
 - Level 4.0 Spellcasting
 * Level 5.9 Necromancy


You had 4 spell levels left.
You knew the following spells:

 Your Spells              Type           Power      Damage    Failure   Level
a - Necrotise             Necr           100%       1d9       1%          1
b - Vampiric Draining     Necr           38%        2d8       1%          3
c - Animate Dead          Necr           38%        N/A       6%          4

Your spell library contained the following spells:

 Spells                   Type           Power      Damage    Failure   Level
 Agony                    Necr           38%        N/A       19%         5


Dungeon Overview and Level Annotations

Branches:
Dungeon (5/15)
 Temple: D:4-7

Altars:
Hepliaklqana
Qazlal
Trog


Message History

The sling bullet freezes the necrophage.
The necrophage is almost destroyed.
The necrophage completely misses you. The necrophage misses you.
You shoot a sling bullet.
The sling bullet closely misses the necrophage.
The necrophage hits you!
You shoot a sling bullet.
The sling bullet barely misses the necrophage.
The necrophage hits you.
You shoot a sling bullet. The sling bullet hits the necrophage.
The necrophage is almost destroyed.
The necrophage hits you.
You feel drained.
You shoot a sling bullet.
The sling bullet barely misses the necrophage.
The necrophage hits you.
You aren't carrying any items that you can evoke.
You shoot a sling bullet.
The sling bullet hits the necrophage but does no damage.
The necrophage is almost destroyed.
The necrophage hits you.
You feel drained. The necrophage hits you.
* * * LOW HITPOINT WARNING * * *
You feel drained.
* * * LOW HITPOINT WARNING * * *
Throw: 18 stones
Press: ? - help, Q - select action, (/) - cycle Shift-Dir - straight line, f/p - necrophage
Aim: a necrophage (almost destroyed, 62% to hit)
You throw a stone.
The stone hits the necrophage but does no damage.
The necrophage is almost destroyed.
The necrophage hits you.
* * * LOW HITPOINT WARNING * * *
You feel drained.
* * * LOW HITPOINT WARNING * * *
Throw: 17 stones
Press: ? - help, Q - select action, (/) - cycle Shift-Dir - straight line, f/p - necrophage
Aim: a necrophage (almost destroyed, 62% to hit)
You throw a stone.
The stone closely misses the necrophage.
The necrophage hits you.
You die...

### #.##################
#..@n...............
#.#####.............
#.#####.###########.
#.#.............# #.
#.#.###.#######.# #.
#.#.# #.#.......# #.
#.#.# #.#.>.....# #.
#.#.# #.#.......# #.
########.#.###.#######.#
#.


You could see a necrophage.

Vanquished Creatures
  An ogre (D:4)
  3 adders
  3 gnolls (D:4)
  A white imp (D:5)
  A worm (D:4)
  A dart slug (D:5)
  4 orcs
  4 bats
  4 endoplasms
  A giant cockroach (D:1)
  5 goblins
  10 hobgoblins
  4 jackals (D:3)
  A quokka (D:2)
  5 ball pythons
  11 frilled lizards
  8 kobolds
  8 rats
75 creatures vanquished.

Vanquished Creatures (collateral kills)
  A quokka (D:2)
  2 kobolds
3 creatures vanquished.

Vanquished Creatures (others)
  A bat (D:1)
1 creature vanquished.

Grand Total: 79 creatures vanquished

Notes
Turn   | Place    | Note
-------+----------+-------------------------------------------
     0 | D:1      | worthlessgem the Deep Elf Necromancer began the quest for
                  | the Orb.
     0 | D:1      | Reached XP level 1. HP: 10/10 MP: 6/6
    43 | D:1      | Reached skill level 5 in Necromancy
    93 | D:1      | Reached XP level 2. HP: 8/15 MP: 2/8
  1143 | D:2      | Reached skill level 1 in Short Blades
  1185 | D:2      | Reached XP level 3. HP: 20/20 MP: 8/10
  1345 | D:2      | Reached skill level 1 in Fighting
  1846 | D:3      | Learned a level 3 spell: Vampiric Draining
  2101 | D:3      | Reached skill level 1 in Ranged Weapons
  2327 | D:3      | Found a stormy altar of Qazlal.
  2327 | D:3      | Found a hazy altar of Hepliaklqana.
  2593 | D:4      | Reached XP level 4. HP: 16/25 MP: 7/12
  2747 | D:4      | Noticed an ogre
  2764 | D:4      | Killed an ogre
  2765 | D:4      | Reached XP level 5. HP: 29/29 MP: 9/13
  2914 | D:4      | Learned a level 4 spell: Animate Dead
  3349 | D:4      | Noticed a moth of wrath
  3352 | D:4      | Found a bloodstained altar of Trog.
  3539 | D:5      | Entered Level 5 of the Dungeon
  3567 | D:5      | Noticed a phantom
  3731 | D:5      | Noticed a yak
  3967 | D:5      | HP: 1/24 [necrophage (2)]
  3968 | D:5      | Slain by a necrophage

Illustrated notes

Levels and vault maps discovered:
D:1:      dpeg_arrival_windows_large_door, layout_loops_ring,
          minmay_misc_feat_ornament, lemuel_flame_loot_1
D:2:      layout_loops_ring, hangedman_glass_teeth, minmay_tromino_v4_c
D:3:      layout_basic, chequers_temple_overflow_statue_of_worship
D:4:      layout_loops_ring, tgw_trog, grunt_ministairs_15
D:5:      layout_basic

Skill      XL: |  1  2  3  4 |
---------------+-------------+-----
Necromancy     | 5 |  5.9
Spellcasting   | 4 |  4.0
Short Blades   | 1 |  1.4
Fighting       | 1 |  1.8
Ranged Weapons | 2 4 |  4.0
Dodging        | |  2.4
Stealth        | |  2.4

Action                   |  1- 3 |  4- 6 || total
-------------------------+-------+-------++-------
Melee: Short sword       |     4 |       ||     4
       Dagger            |     6 |    24 ||    30
 Fire: Sling             |    28 |    22 ||    50
Throw: Dart              |     1 |       ||     1
       Stone             |       |     7 ||     7
 Cast: Necrotise         |    59 |    31 ||    90
       Animate Dead      |       |     1 ||     1
 Stab: Sleeping          |     1 |       ||     1
Armor: Robe              |     3 |       ||     3
Dodge: Dodged            |    28 |    26 ||    54
